AoeStats
← Biscoitoso

Black Forest

510257080Analyzed
4v4 RM · 1d ago on Sep 30, 2026· 70m 1s· 8 players
Game mode
Random Map
Map size
Large (8 player)
Population
200
Speed
Normal
Resources
Standard
Victory
Conquest
Starting age
Dark Age
Ending age
Imperial Age
RankedLock teamsTeams togetherTeam positionsShared explorationLock speedFull tech treeHidden civsTurbo modeCheats
Victory
Defeat
🇮🇳 Britons · India
650
+21
🇺🇸 Persians · United States
571
+24
🇺🇸 Franks · United States
530
+25
🇲🇽 Bulgarians · Mexico
480
+27
🇮🇳 Goths · India
775
-25
🇨🇦 Khmer · Canada
770
-69
🇨🇳 Chinese · China
758
-24
🇧🇷 Teutons · Brazil
715
-23
Nefilin305EDMN
15:00 Feudal Age
16:31 Wheelbarrow
15:40 Horse Collar
15:49 Double-Bit Axe
18:19 Gold Mining
18:21 Stone Mining
20:48 Scale Mail Armor
20:58 Forging
20:40 Fletching
20:51 Padded Archer Armor
20:58 Scale Barding Armor
23:11 Castle Age
23:50 Pikeman
24:17 Arson
24:33 Squires
25:35 Bow Saw
25:53 Caravan
26:24 Coinage
26:20 Heavy Plow
26:59 Stone Shaft Mining
27:01 Gold Shaft Mining
27:36 Hand Cart
29:10 Chain Mail Armor
29:31 Iron Casting
28:51 Bodkin Arrow
29:12 Leather Archer Armor
30:52 Chain Barding Armor
35:23 Imperial Age
34:44 Heated Shot
35:15 Ballistics
35:07 Masonry
35:34 Stirrups
37:06 Banking
38:41 Conscription
39:54 Chemistry
39:25 Architecture
39:01 Siege Engineers
38:52 Murder Holes
45:04 Elite Konnik
49:15 Plate Barding Armor
49:10 Plate Mail Armor
49:42 Blast Furnace
48:43 Bracer
49:25 Guard Tower
49:58 Bagains
52:03 Keep
51:06 Halberdier
52:42 Loom
54:22 Crop Rotation
54:19 Redemption
65:00 Gambesons
MordorQva
12:12 Feudal Age
15:09 Double-Bit Axe
19:00 Castle Age
21:28 Wheelbarrow
26:41 Gold Mining
27:57 Scale Mail Armor
29:29 Chain Mail Armor
30:12 Gold Shaft Mining
29:27 Stone Mining
29:49 Caravan
31:24 Hand Cart
35:41 Imperial Age
33:55 Forging
33:35 Fletching
33:46 Padded Archer Armor
33:52 Scale Barding Armor
33:53 Husbandry
34:37 Ballistics
34:09 Guard Tower
36:30 Chivalry
36:09 Cavalier
36:39 Ordonnance Companies
36:53 Heavy Scorpion
37:31 Elite Throwing Axeman
41:42 Conscription
43:51 Plate Mail Armor
43:57 Iron Casting
43:27 Paladin
46:14 Chemistry
48:43 Chain Barding Armor
49:24 Blast Furnace
48:19 Bodkin Arrow
48:39 Leather Archer Armor
51:25 Bow Saw
Paradox™
11:07 Feudal Age
13:18 Loom
16:21 Castle Age
16:19 Double-Bit Axe
16:18 Horse Collar
17:09 Heavy Plow
17:23 Bow Saw
24:29 Gold Mining
26:24 Gold Shaft Mining
25:40 Stone Mining
29:52 Wheelbarrow
29:04 Loom
31:08 Caravan
32:04 Stone Shaft Mining
32:31 Forging
32:21 Scale Mail Armor
32:28 Scale Barding Armor
32:14 Fletching
32:24 Padded Archer Armor
34:59 Imperial Age
32:47 Hand Cart
33:27 Town Watch
34:13 Ballistics
33:49 Murder Holes
34:05 Masonry
34:35 Iron Casting
34:15 Chain Mail Armor
34:21 Chain Barding Armor
33:57 Bodkin Arrow
36:11 Crop Rotation
36:51 Blast Furnace
36:07 Leather Archer Armor
37:07 Two-Man Saw
37:26 Plate Mail Armor
37:32 Plate Barding Armor
38:40 Ring Archer Armor
39:14 Chemistry
38:45 Architecture
39:29 Conscription
38:30 Elite War Elephant
39:15 Kamandaran
39:28 Citadels
43:44 Hoardings
44:19 Pikeman
44:45 Gambesons
46:26 Halberdier
47:06 Squires
46:54 Arson
46:45 Sappers
46:38 Elite Skirmisher
47:25 Thumb Ring
46:41 Heavy Cavalry Archer
49:00 Bloodlines
48:51 Husbandry
48:17 Light Cavalry
48:20 Cavalier
48:33 Heavy Scorpion
A11Wolv3rin3
0:39 Loom
15:12 Feudal Age
16:48 Double-Bit Axe
17:55 Stone Mining
21:25 Horse Collar
21:37 Gold Mining
21:41 Stone Mining
21:57 Fletching
28:03 Castle Age
25:46 Man-at-Arms
29:08 Long Swordsman
29:09 Pikeman
29:50 Squires
29:36 Arson
30:44 Bow Saw
31:24 Bodkin Arrow
32:32 Gambesons
33:33 Padded Archer Armor
33:34 Scale Mail Armor
33:44 Forging
38:25 Imperial Age
37:37 Wheelbarrow
39:25 Yeomen
40:07 Wheelbarrow
39:53 Bracer
40:09 Leather Archer Armor
40:30 Iron Casting
40:11 Chain Mail Armor
40:01 Caravan
40:07 Heavy Plow
41:10 Two-Man Saw
41:26 Hand Cart
42:28 Gold Shaft Mining
41:59 Elite Longbowman
43:26 Fortified Wall
43:37 Ballistics
43:13 Murder Holes
43:30 Masonry
45:14 Crossbowman
45:15 Elite Skirmisher
46:36 Warwolf
47:28 Ring Archer Armor
47:28 Plate Mail Armor
47:59 Blast Furnace
47:42 Architecture
48:13 Chemistry
46:37 Halberdier
46:38 Two-Handed Swordsman
47:45 Block Printing
47:56 Illumination
48:07 Theocracy
47:36 Arbalester
49:13 Champion
51:48 Conscription
AfroTurk
2:46 Loom
16:54 Feudal Age
18:57 Wheelbarrow
18:55 Gold Mining
19:52 Horse Collar
22:16 Castle Age
20:32 Double-Bit Axe
21:19 Man-at-Arms
22:38 Stone Mining
23:34 Heavy Plow
24:30 Bow Saw
26:41 Gold Shaft Mining
28:32 Stone Shaft Mining
29:13 Scale Mail Armor
29:20 Scale Barding Armor
28:39 Long Swordsman
29:54 Hand Cart
36:32 Husbandry
40:18 Imperial Age
38:54 Bloodlines
40:58 Chain Barding Armor
41:49 Crop Rotation
41:41 Elite Ballista Elephant
43:16 Tusk Swords
45:18 Elite Battle Elephant
46:56 Plate Barding Armor
48:56 Caravan
49:26 Coinage
49:43 Conscription
50:34 Chain Mail Armor
50:29 Forging
51:49 Light Cavalry
53:07 Heavy Scorpion
55:26 Pikeman
57:17 Banking
56:27 Hussar
57:47 Iron Casting
60:20 Onager
63:10 Blast Furnace
66:36 Two-Handed Swordsman
Biscoitoso
0:37 Loom
13:26 Feudal Age
14:23 Double-Bit Axe
14:21 Horse Collar
22:06 Castle Age
21:26 Gold Mining
21:33 Stone Mining
21:39 Town Watch
24:02 Bow Saw
25:32 Wheelbarrow
25:44 Heavy Plow
26:32 Stone Shaft Mining
28:05 Fervor
28:52 Caravan
34:22 Imperial Age
32:10 Hand Cart
31:56 Town Patrol
32:21 Ironclad
32:55 Sanctity
33:06 Forging
32:46 Fletching
32:56 Padded Archer Armor
32:57 Scale Mail Armor
33:02 Scale Barding Armor
34:09 Bloodlines
34:07 Scale Barding Armor
34:38 Iron Casting
36:10 Chain Mail Armor
36:10 Leather Archer Armor
36:26 Conscription
38:36 Two-Man Saw
38:25 Devotion
39:02 Crop Rotation
39:40 Ballistics
40:20 Chemistry
39:32 Fortified Wall
41:23 Blast Furnace
40:53 Plate Mail Armor
40:48 Crenellations
41:19 Siege Engineers
40:48 Capped Ram
42:27 Chain Barding Armor
42:03 Bodkin Arrow
42:24 Leather Archer Armor
42:27 Masonry
42:15 Arrowslits
42:32 Arrowslits
43:51 Hoardings
43:44 Squires
43:30 Arson
43:05 Pikeman
43:31 Gambesons
43:19 Elite Skirmisher
46:11 Guilds
46:32 Coinage
46:09 Elite Teutonic Knight
47:43 Bombard Tower
49:46 Plate Barding Armor
49:41 Ring Archer Armor
48:39 Man-at-Arms
51:18 Heavy Scorpion
51:18 Onager
53:19 Siege Onager
54:55 Faith
54:51 Block Printing
55:12 Theocracy
55:03 Illumination
55:01 Halberdier
58:30 Atonement
58:40 Redemption
59:00 Cavalier
60:49 Banking
61:37 Paladin
ninjavarier
0:28 Loom
11:33 Feudal Age
15:21 Castle Age
13:39 Double-Bit Axe
24:23 Gold Mining
24:25 Stone Mining
30:14 Imperial Age
27:49 Scale Mail Armor
28:00 Forging
28:22 Horse Collar
29:08 Anarchy
29:28 Chain Mail Armor
30:40 Iron Casting
30:13 Squires
31:16 Elite Huskarl
34:05 Wheelbarrow
34:47 Blast Furnace
35:04 Conscription
35:36 Perfusion
38:19 Pikeman
47:01 Halberdier
863111034
13:54 Feudal Age
12:23 Loom
14:45 Double-Bit Axe
16:50 Horse Collar
22:57 Castle Age
21:57 Stone Mining
28:51 Wheelbarrow
29:37 Ballistics
29:22 Padded Archer Armor
29:13 Fletching
29:53 Heavy Plow
30:08 Bow Saw
31:25 Gold Mining
36:18 Imperial Age
36:48 Thumb Ring
38:11 Chemistry
37:53 Hand Cart
38:36 Elite Chu Ko Nu
41:12 Two-Man Saw
41:21 Bodkin Arrow
41:41 Leather Archer Armor
46:49 Pikeman
47:31 Squires
48:15 Ring Archer Armor
47:45 Bracer
47:56 Forging
47:46 Scale Mail Armor
47:51 Halberdier
47:56 Elite Skirmisher
53:54 Husbandry
54:05 Bloodlines
55:24 Cavalier
56:43 Iron Casting
56:24 Chain Mail Armor
56:15 Scale Barding Armor
56:26 Caravan
58:34 Bombard Tower
58:12 Murder Holes
58:28 Fortified Wall
58:24 Great Wall
63:48 Light Cavalry
Connection lost

Rejoining the realm…

Still unreachable

The connection could not be restored.

Session expired

The server has moved on; the page needs a fresh start.